 Dungeon Crawl Stone Soup version 0.18.1-50-g88ac8fd (webtiles) character file.

33 ololoev the Magician (level 3, 1/19 HPs)
             Began as a Deep Elf Fire Elementalist on Nov 2, 2016.
             Quit the game on level 2 of the Dungeon.
             The game lasted 00:04:10 (560 turns).

ololoev the Magician (Deep Elf Fire Elementalist)    Turns: 560, Time: 00:04:10

Health: 1/19       AC:  2    Str:  5    XL:     3   Next: 12%
Magic:  0/10       EV: 13    Int: 20    God:
Gold:   49         SH:  0    Dex: 15    Spells: 1 memorised, 8 levels left

rFire  . . .     SeeInvis .     (no weapon)
rCold  . . .     Gourm    .     a - +0 robe
rNeg   . . .     Faith    .     (no shield)
rPois  .         Spirit   .     (no helmet)
rElec  .         Dismiss  .     (no cloak)
rCorr  .         Reflect  .     (no gloves)
SustAt .         Harm     .     (no boots)
MR     .....                    (no amulet)
Stlth  ++........               (no ring)
                                (no ring)

@: not resistant to hostile enchantments, unstealthy
A: no striking features
a: no special abilities

Inventory:

Armour
 a - a +0 robe (worn)
Scrolls
 d - a scroll of recharging {unknown}
 e - a scroll of enchant armour {unknown}
 f - a scroll of noise {unknown}
 g - a scroll of identify {unknown}
 j - a scroll of magic mapping {unknown}
Potions
 h - a potion of might {unknown}
 i - a potion of curing {unknown}
Books
 b - a book of Flames

   Spells                             Type                      Level
   a - Flame Tongue                   Conjuration/Fire             1
   b - Throw Flame                    Conjuration/Fire             2
   c - Conjure Flame                  Conjuration/Fire             3
   d - Inner Flame                    Hexes/Fire                   3
   e - Sticky Flame                   Conjuration/Fire             4
   f - Fireball                       Conjuration/Fire             5
Comestibles
 c - a bread ration
 k - a chunk of flesh
 l - a slice of pizza


   Skills:
 - Level 2.4 Dodging
 - Level 2.4 Stealth
 + Level 3.8 Spellcasting
 + Level 2.2 Conjurations
 + Level 3.6 Fire Magic


You had 8 spell levels left.
You knew the following spells:

 Your Spells              Type           Power        Failure   Level  Hunger
a - Flame Tongue          Conj/Fire      ###..        4%          1    None


You were on level 2 of the Dungeon.
You were not hungry.

You visited 1 branch of the dungeon, and saw 3 of its levels.

You collected 49 gold pieces.

####### ### . #.....# #.. . ...#
#gg##.####.####.# ...# #.
#.@#....#.....#.# ...# #.
#.g#..###.....#.# #..# #.
#..g..g.#.g.....## ##..#
##.####g...#g#g#.#....# ## #...#
#...# #.#.†#g...gg<...#
...#..##.#...#####..###.#.###..#
....<.<..#.............g# .#
.####.####....########### #
.........†.....#

Notes
Turn   | Place    | Note
--------------------------------------------------------------
     0 | D:1      | ololoev the Deep Elf Fire Elementalist began the quest for the Orb.
     0 | D:1      | Reached XP level 1. HP: 10/10 MP: 6/6
   175 | D:1      | ololoev: !lg . -log
   175 | D:1      | beem: 3054. ololoev, XL9 DEFE, T:2647: http://crawl.xtahua.com/crawl/morgue/ololoev/morgue-ololoev-20161102-082609.txt
   215 | D:1      | Reached XP level 2. HP: 3/15 MP: 0/8
   452 | D:2      | Noticed Robin
   489 | D:2      | Reached XP level 3. HP: 16/19 MP: 1/10
   560 | D:2      | Quit the game

Dungeon Overview and Level Annotations

Branches:
Dungeon (3/15)

Altars:

Annotations:
D:2 Robin


Message History

Found a slice of pizza.
l - a slice of pizza A goblin comes into view.
It is wielding a club.
Robin shouts!
The goblin shouts!
The hobgoblin shouts!
The goblin moves out of view.
Robin throws the goblin at you!
A hobgoblin comes into view. It is wielding a club.
The goblin shouts! x2; The hobgoblin shouts!
You hear a shout!
The goblin shouts!
You hear a shout!
The goblin misses you. Robin throws the goblin at you!
Press: ? - help, v - describe, . - travel
Here: Robin, wielding a whip, wearing an animal skin and wearing a helmet The floor.
The hobgoblin barely misses you. The hobgoblin misses you. The goblin hits you.
Casting: Flame Tongue
Confirm with . or Enter, or press ? or * to list all spells.
Aiming: Flame Tongue
Press: ? - help, Shift-Dir - straight line, f - goblin
Aim: a goblin The flame tongue hits the goblin.
You kill the goblin!
Casting: Flame Tongue
Confirm with . or Enter, or press ? or * to list all spells.
Aiming: Flame Tongue
Press: ? - help, Shift-Dir - straight line, f - hobgoblin
Aim: a hobgoblin The flame tongue hits the hobgoblin.
You kill the hobgoblin!
Casting: Flame Tongue
Confirm with . or Enter, or press ? or * to list all spells.
Aiming: Flame Tongue
Press: ? - help, Shift-Dir - straight line, f - hobgoblin
Aim: a hobgoblin, wielding a club The flame tongue misses the hobgoblin.
Casting: Flame Tongue
Confirm with . or Enter, or press ? or * to list all spells.
Aiming: Flame Tongue
Press: ? - help, Shift-Dir - straight line, f - goblin, p - hobgoblin
Aim: a goblin, wielding a club The flame tongue misses the goblin.
The goblin barely misses you. The hobgoblin closely misses you.
Casting: Flame Tongue
Confirm with . or Enter, or press ? or * to list all spells.
Aiming: Flame Tongue
Press: ? - help, Shift-Dir - straight line, f - goblin, p - goblin
Aim: a goblin The flame tongue hits the goblin.
You kill the goblin!
Robin roars a battlecry!
The goblins go into a battle-frenzy!
The hobgoblin hits you with a club.
Casting: Flame Tongue
Confirm with . or Enter, or press ? or * to list all spells.
Aiming: Flame Tongue
Press: ? - help, Shift-Dir - straight line, f/p - goblin
Aim: a goblin The flame tongue misses the goblin.
Robin throws the goblin at you! The goblin hits you.
The hobgoblin hits you with a club.
Unknown command.
The goblin barely misses you.
Robin points. "Kill!"
The hobgoblin shouts!
Robin roars a battlecry!
The goblins go into a battle-frenzy!
Robin throws the goblin at you!
Casting: Flame Tongue
Confirm with . or Enter, or press ? or * to list all spells.
Aiming: Flame Tongue
Press: ? - help, Shift-Dir - straight line, f - goblin
Aim: a goblin, wielding a dagger (unusually strong)
The flame tongue misses the goblin.
The goblin hits you but does no damage.
Casting: Flame Tongue
Confirm with . or Enter, or press ? or * to list all spells.
Aiming: Flame Tongue
Press: ? - help, Shift-Dir - straight line, f/p - goblin
Aim: a goblin, wielding a dagger (unusually strong)
The flame tongue misses the goblin.
The goblin hits you with a dagger. Robin throws the goblin at you!
Unknown command.
Are you sure you want to abandon this character and quit the game? (Confirm with "yes".)

You could see Robin, a hobgoblin and 3 goblins.

Vanquished Creatures
  An adder (D:2)
  A dart slug (D:1)
  7 goblins
  4 hobgoblins
  2 kobolds (D:1)
  A bat (D:1)
  2 giant newts
  3 rats
21 creatures vanquished.

Action                   || total
-------------------------++-------
 Cast: Flame Tongue      ||    42
Armor: Robe              ||     3
Dodge: Dodged            ||    13

Vault maps used:
D:1:      elethiomel_arrival_infinity_welcomes_careful_drivers
D:2:      lemuel_zombie_altar_yredelemnul, roderic_lattice_a, uniq_terence,
          uniq_robin, uniq_jessica, uniq_sigmund
D:3:      first_bread, minmay_misc_feat_cross, minmay_crystal_water,
          uniq_grinder
